 Dungeon Crawl Stone Soup version 0.17-a0-1939-ga475588 (webtiles) character file.

2280 ololoev the Cleaver (level 9, -3/81 HPs)
             Began as a Hill Orc Berserker on Sept 29, 2015.
             Was a Believer of Trog.
             Slain by a seven-headed hydra (4 damage)
             ... on level 11 of the Dungeon.
             The game lasted 00:18:19 (1708 turns).

ololoev the Cleaver (Hill Orc Berserker)            Turns: 1708, Time: 00:18:19

Health: -3/81      AC: 18    Str: 25    XL:     9   Next: 39%
Magic:  9/9        EV:  7    Int:  7    God:    Trog [**....]
Gold:   157        SH:  0    Dex: 11    Spells: 0 memorised, 8 levels left

rFire  + . .     SeeInvis .     a - +1 war axe
rCold  . . .     Clarity  .     x - +3 plate armour {rF+}
rNeg   . . .     SustAt   .     (no shield)
rPois  .         Gourm    .     (no helmet)
rElec  .         Spirit   .     (no cloak)
rCorr  .         Warding  .     s - +1 pair of gloves {Str+3}
rMut   .         Stasis   .     (no boots)
MR     .....                    (no amulet)
Stlth  ..........               (no ring)
                                (no ring)

@: exhausted, not resistant to hostile enchantments, extremely unstealthy
A: no striking features
a: Burn Spellbooks, Berserk, Trog's Hand, Renounce Religion

Inventory:

Hand weapons
 a - a +1 war axe (weapon)
 b - a +0 blowgun
Missiles
 i - 7 poisoned needles
Armour
 s - a +1 pair of gloves of strength (worn)
 x - a +3 plate armour of fire resistance (worn)
Magical devices
 t - a wand of flame (37)
Scrolls
 e - a scroll of remove curse
 m - 2 scrolls of noise
Potions
 d - a potion of resistance {unknown}
 l - a potion of curing {unknown}
 n - a potion of degeneration
 o - a potion of magic {unknown}
 u - a potion of brilliance {unknown}
Books
 g - a book of Clouds

   Spells                             Type                      Level
   a - Mephitic Cloud                 Conjuration/Poison/Air       3
   b - Conjure Flame                  Conjuration/Fire             3
   c - Poisonous Cloud                Conjuration/Poison/Air       6
   d - Freezing Cloud                 Conjuration/Ice/Air          6
   e - Ring of Flames                 Charms/Fire                  7
   Trog disapproves of the use of such an item.
Comestibles
 c - 3 bread rations
 j - 4 fruits
 r - 3 chunks of flesh
 w - a beef jerky


   Skills:
 + Level 8.3 Fighting
 * Level 11.7 Axes
 + Level 6.9 Armour
 - Level 1.5 Dodging


You had 8 spell levels left.
You didn't know any spells.


You were on level 11 of the Dungeon.
You worshipped Trog.
Trog was pleased with you.
You were not hungry.

You visited 1 branch of the dungeon, and saw 11 of its levels.

You collected 157 gold pieces.

,*,,,* **,,,*,,,,,,,,,*
,,,,,****,,,*,,,,,,,,,*
*,,,,,,,,,,,*,,,,,,,,,*
,,,*,***#.,,*,,,,,,,,,*
,,...####.####*********
*,#.....#....#
,,.........#.###
**#............######
#......##...)D@...#
#......*##..)F....#
**##.....###..))....#
,,..................#
,,.##....###........#
****#....* #........#
##..#* #.$......# ###*
##########

Notes
Turn   | Place    | Note
--------------------------------------------------------------
     0 | D:1      | ololoev the Hill Orc Berserker began the quest for the Orb.
     0 | D:1      | Reached XP level 1. HP: 19/19 MP: 1/1
   141 | D:2      | Reached XP level 2. HP: 27/27 MP: 2/2
   175 | D:2      | Found a glowing golden altar of the Shining One.
   179 | D:2      | Noticed Terence
   192 | D:2      | Killed Terence
   192 | D:2      | Reached skill level 5 in Axes
   192 | D:2      | Reached XP level 3. HP: 33/33 MP: 3/3
   297 | D:3      | Reached XP level 4. HP: 41/41 MP: 4/4
   359 | D:3      | Found an iron altar of Okawaru.
   425 | D:4      | Reached skill level 5 in Fighting
   425 | D:4      | Reached skill level 6 in Axes
   425 | D:4      | Reached XP level 5. HP: 18/48 MP: 5/5
   456 | D:5      | Entered Level 5 of the Dungeon
   467 | D:5      | Got a clouded silver ring
   468 | D:5      | Identified the ring "Poum" {+Fly rN++ MP+9 Str+2 Int-4} (You found it on level 5 of the Dungeon)
   551 | D:6      | Acquired Trog's second power
   562 | D:5      | Found Adiofyur's Gadget Shop.
   689 | D:6      | Noticed an ice beast
   699 | D:6      | Killed an ice beast
   699 | D:6      | Reached XP level 6. HP: 23/56 MP: 6/6
   738 | D:6      | Noticed Blork the orc
   746 | D:6      | Killed Blork the orc
   746 | D:6      | Reached skill level 7 in Axes
   894 | D:7      | Found a snail-covered altar of Cheibriados.
   958 | D:7      | Reached XP level 7. HP: 35/62 MP: 7/7
  1117 | D:8      | Reached skill level 8 in Axes
  1159 | D:8      | Found a radiant altar of Vehumet.
  1296 | D:9      | Reached skill level 9 in Axes
  1296 | D:9      | Reached skill level 5 in Armour
  1296 | D:9      | Reached XP level 8. HP: 71/71 MP: 8/8
  1370 | D:9      | Noticed Prince Ribbit
  1404 | D:9      | Killed Prince Ribbit
  1404 | D:9      | Reached skill level 10 in Axes
  1436 | D:10     | Entered Level 10 of the Dungeon
  1608 | D:9      | Noticed a deep elf mage
  1616 | D:9      | Killed a deep elf mage
  1624 | D:9      | Noticed a two-headed ogre
  1633 | D:9      | Killed a two-headed ogre
  1651 | D:10     | Reached XP level 9. HP: 64/80 MP: 9/9
  1668 | D:11     | Noticed a hill giant
  1677 | D:11     | Killed a hill giant
  1677 | D:11     | Reached skill level 11 in Axes
  1698 | D:11     | Noticed a seven-headed hydra
  1707 | D:11     | HP: 1/81 [seven-headed hydra (5)]
  1708 | D:11     | Slain by a seven-headed hydra

Dungeon Overview and Level Annotations

Branches:
Dungeon (11/15)
 Temple: D:4-7         Lair: D:8-11         Orc: D:9-12

Altars:
Cheibriados
Okawaru
Vehumet
The Shining One

Shops:
D:5 }


Message History

Read which item? (? for menu, Esc to quit)
As you read the scroll labeled NODGHE KUSOO, it crumbles to dust.
It is a scroll of enchant weapon.
Enchant which weapon? (? for menu, Esc to quit)
Your +0 war axe glows red for a moment.
The seven-headed hydra closely misses you.
The seven-headed hydra barely misses you.
The seven-headed hydra bites you!
The seven-headed hydra bites you but does no damage. x2
The seven-headed hydra completely misses you.
The seven-headed hydra bites you.
The giant frog hits you but does no damage.
Read which item? (? for menu, Esc to quit)
As you read the scroll labeled ISAIWYR CUROBB, it crumbles to dust.
It is a scroll of identify.
Identify which item? (\ to view known items) (? for menu, Esc to quit)
n - a potion of degeneration The giant frog completely misses you.
The seven-headed hydra bites you but does no damage. x3
The seven-headed hydra closely misses you.
The seven-headed hydra bites you but does no damage.
The seven-headed hydra bites you.
The seven-headed hydra bites you but does no damage.
The giant frog closely misses you. The seven-headed hydra bites you!
The seven-headed hydra barely misses you.
The seven-headed hydra bites you! The seven-headed hydra bites you.
The seven-headed hydra bites you.
The seven-headed hydra barely misses you.
The seven-headed hydra bites you but does no damage.
Read which item? (? for menu, Esc to quit)
As you read the scroll labeled UMAROR SEGA, it crumbles to dust.
The creatures around you are filled with an inner flame!
It was a scroll of immolation.
You feel yourself speed up.
The giant frog hits you but does no damage.
The seven-headed hydra barely misses you.
The seven-headed hydra closely misses you.
The seven-headed hydra bites you but does no damage.
The seven-headed hydra bites you.
You die...

You could see a seven-headed hydra (inner flame) and a giant frog (inner flame).

Vanquished Creatures
  A hill giant (D:11)
  A two-headed ogre (D:9)
  Prince Ribbit (D:9)
  A deep elf mage (D:9)
  2 ice beasts
  3 orc warriors
  2 sky beasts
  Blork the orc (D:6)
  A water moccasin skeleton (D:4)
  A crimson imp (D:7)
  2 hounds
  3 orc wizards
  A giant frog zombie (D:8)
  2 orc priests
  2 giant frog skeletons
  A centaur skeleton (D:9)
  An iron imp (D:7)
  Terence (D:2)
  2 adders
  An adder skeleton (D:4)
  2 worms
  3 giant geckos
  6 orcs
  3 giant cockroaches
  2 hobgoblins
  7 jackals
  2 quokkas
  A giant gecko skeleton (D:7)
  2 giant newts
  2 kobolds
  2 rats
62 creatures vanquished.

Action                   |  1- 3 |  4- 6 |  7- 9 || total
-------------------------+-------+-------+-------++-------
Melee: Hand axe          |    50 |    94 |       ||   144
       War axe           |       |    25 |    98 ||   123
 Fire: Blowgun           |       |     3 |       ||     3
Invok: Berserk           |     3 |     3 |     3 ||     9
       Trog's Hand       |       |     1 |     2 ||     3
Evoke: Wand              |       |       |     1 ||     1
  Use: Scroll            |       |       |     8 ||     8
  Eat: Chunk             |       |     7 |     4 ||    11
       Beef jerky        |       |       |     1 ||     1

Vault maps used:
D:1:      saegor_arrival_simple_d, minmay_crystal_water
D:2:      old_standard_altar, serial_bayou_lagoon_b, uniq_terence
D:3:      lemuel_round_altar, minmay_box_of_dots, uniq_grinder
D:4:      grunt_qazlal_sundering, zin_statuary, makhleb_grotto_becter
D:5:      serial_shops, shop, first_bread
D:6:      lemuel_round_altar, basic_altar, hangedman_decor_diamond_cutter,
          uniq_blork_the_orc, uniq_pikel
D:7:      slow_altar_2, minitemple, minmay_temple_entry_grid, minivault_23,
          uniq_joseph
D:8:      vehumet_altar_wand_db
D:9:      uniq_prince_ribbit1
D:10:     minmay_tri_box, hangedman_little_slice_of_home,
          minmay_sticks_and_stones
D:11:     dpeg_oklobed_lair, orc_0_dummy, lab_entry_generic, bloody_trog
